 Dungeon Crawl Stone Soup version 0.29.0-4-gdea44cf6ec (webtiles) character file.

Game seed: 17786655142689271575

17 qw the Sneak (level 2, -5/23 HPs)
             Began as a Ghoul Enchanter on Sept 4, 2022.
             Slain by a scorpion (6 damage)
             ... on level 4 of the Dungeon.
             The game lasted 00:00:32 (1245 turns).

qw the Sneak (Ghoul Enchanter)                      Turns: 1245, Time: 00:00:32

Health: -5/23      AC:  3    Str: 11    XL:     2   Next: 62%
Magic:  3/3        EV: 11    Int: 10    God:
Gold:   41         SH:  0    Dex:  9    Spells: 4/4 levels left

rFire   . . .      SeeInvis .     - Unarmed
rCold   + . .      Faith    .   (no shield)
rNeg    + + +      Spirit   .   i - +0 leather armour
rPois   inf        Reflect  .   (no helmet)
rElec   .          Harm     .   (no cloak)
rCorr   .          Rampage  .   (no gloves)
Will    .....                   (no boots)
Stlth   ++........              (no amulet)
HPRegen 0.00/turn               (no ring)
MPRegen 0.08/turn               (no ring)

@: inhibited regen
A: claws 1, cold resistance 1, negative energy resistance 3, inhibited
regeneration, torment resistance 2, devour on kill
a: no special abilities


You were on level 4 of the Dungeon.
You visited 1 branch of the dungeon, and saw 3 of its levels.

You collected 41 gold pieces.


Innate Abilities, Weirdness & Mutations

You are immune to poison.
You have sharp fingernails.
Your flesh is cold resistant. (rC+)
You are immune to negative energy. (rN+++)
You do not regenerate when monsters are visible.
You are immune to unholy pain and torment.
You thrive by killing the living.


   Skills:
 - Level 1.0 Fighting
 - Level 0.8 Short Blades
 - Level 1.7 Dodging
 - Level 3.2 Stealth
 + Level 2.0 Unarmed Combat
 - Level 1.7 Spellcasting
 - Level 2.4 Hexes


You had 4 spell levels left.
You didn't know any spells.
Your spell library contained the following spells:

 Spells                   Type           Power      Damage    Failure   Level
 Ensorcelled Hibernation  Hex/Ice        6%         N/A       36%         2
 Confusing Touch          Hex            5%         N/A       43%         3
 Tukima's Dance           Hex            5%         N/A       43%         3
 Dazzling Flash           Conj/Hex       6%         N/A       61%         3

Inventory:

Armour
 b - a scarf of resistance
 i - a +0 leather armour (worn)
Potions
 a - a potion of ambrosia {unknown}
 d - a potion of curing {unknown}
 g - a potion of magic {unknown}
 j - a potion of flight {unknown}

Dungeon Overview and Level Annotations

Branches:
Dungeon (2/15)

Altars:

Shops:
D:1 [

Annotations:
D:4 2 runed translucent doors


Message History

The endoplasm quivers.
You scratch the endoplasm.
The endoplasm is moderately wounded.
The endoplasm hits you but does no damage.
You scratch the endoplasm.
You kill the endoplasm!
Your Unarmed Combat skill increases to level 2!
A scorpion comes into view.
You scratch the scorpion but do no damage.
The scorpion stings you.
You scratch the scorpion but do no damage.
The scorpion barely misses you.
The scorpion stings you but does no damage.
You barely miss the scorpion. The scorpion stings you.
You scratch the scorpion but do no damage.
The scorpion misses you.
You barely miss the scorpion. The scorpion stings you.
You barely miss the scorpion. The scorpion closely misses you.
You closely miss the scorpion. The scorpion barely misses you.
You scratch the scorpion but do no damage.
The scorpion barely misses you.
The scorpion stings you but does no damage.
You closely miss the scorpion. The scorpion stings you.
You scratch the scorpion but do no damage.
The scorpion closely misses you.
You barely miss the scorpion. The scorpion stings you.
You closely miss the scorpion. The scorpion closely misses you.
You closely miss the scorpion. The scorpion closely misses you.
You scratch the scorpion.
The scorpion is moderately wounded.
The scorpion barely misses you. The scorpion stings you.
You die...

#.## ...#
...# #..#
#..# ##
#..# .##
#..#
##s#.#..#
#.@(##..#
#'###...#
#.......#
##.#...##
#.#####
+.# .+.#
.8#.#
!8##..


You could see a scorpion.

Vanquished Creatures
  A dart slug (D:2)
  An endoplasm (D:4)
  A giant cockroach (D:1)
  A goblin (D:1)
  2 hobgoblins (D:2)
  2 ball pythons
  3 bats
  6 rats (D:1)
17 creatures vanquished.

Notes
Turn   | Place    | Note
-------+----------+-------------------------------------------
     0 | D:1      | qw the Ghoul Enchanter began the quest for the Orb.
     0 | D:1      | Reached XP level 1. HP: 14/14 MP: 2/2
     0 | D:1      | 0 ||| qw: Version: 0.1-a-103-gd6f5d3a
     0 | D:1      | 0 ||| qw: Game counter: 5624
     0 | D:1      | 0 ||| qw: Always use a shield: true
     0 | D:1      | 0 ||| qw: God list: Okawaru
     0 | D:1      | 0 ||| qw: Allow faded altars: false
     0 | D:1      | 0 ||| qw: Do Orc after D:15 true
     0 | D:1      | 0 ||| qw: Do second Lair branch before Depths: true
     0 | D:1      | 0 ||| qw: Lair rune preference: random
     0 | D:1      | 0 ||| qw: Plans: Normal
     0 | D:1      | 0 ||| PLANNING D:1-11
     1 | D:1      | 1 ||| DROPPING +1 dagger.
   121 | D:1      | Reached skill level 1 in Unarmed Combat
   194 | D:1      | Found a faded altar of an unknown god.
   419 | D:1      | Found Tifrinir's Antique Armour Shoppe.
   487 | D:1      | 487 ||| SHOPLISTING glowing scale mail (161 gold, have 34).
   487 | D:1      | 487 ||| SHOPLISTING masterwork ring mail (207 gold, have
                  | 34).
   487 | D:1      | 487 ||| SHOPLISTING pair of boots (103 gold, have 34).
   487 | D:1      | 487 ||| SHOPLISTING ring mail (92 gold, have 34).
   487 | D:1      | 487 ||| SHOPLISTING runed scale mail (161 gold, have 34).
   487 | D:1      | 487 ||| SHOPLISTING twisted leather armour (161 gold, have
                  | 34).
   518 | D:1      | Reached skill level 1 in Fighting
   518 | D:1      | Reached XP level 2. HP: 23/23 MP: 3/3
   905 | D:1      | 905 ||| UPGRADING to +0 leather armour.
   915 | D:1      | 915 ||| DROPPING +0 robe.
   916 | D:1      | 916 ||| READING scroll labelled BIGATIA BOKKAU.
   917 | D:1      | 917 ||| READING scroll labelled DUGUIDWUR XUHA.
   918 | D:1      | 918 ||| READING scroll labelled ZORCHU XOTHI.
   919 | D:1      | 919 ||| DROPPING 2 potions of invisibility.
  1092 | D:2      | 1092 ||| Stepping ~*~*~tactically~*~*~ (stealth).
  1097 | D:2      | 1097 ||| Stepping ~*~*~tactically~*~*~ (stealth).
  1099 | D:2      | 1099 ||| Stepping ~*~*~tactically~*~*~ (stealth).
  1208 | D:2      | You fall into a shaft and drop 2 floors!
  1213 | D:4      | Found a large runed translucent door.
  1213 | D:4      | Found a large runed translucent door.
  1218 | D:4      | 1218 ||| PLANNING SEWER
  1226 | D:4      | Noticed a scorpion
  1240 | D:4      | HP: 5/23 [scorpion (5)]
  1242 | D:4      | HP: 1/23 [scorpion (4)]
  1245 | D:4      | Slain by a scorpion

Levels and vault maps discovered:
D:1:      eino_arrival_water_cross, layout_basic, basic_ecumenical_altar,
          serial_shops, nicolae_shop_window_shopping
D:2:      layout_rooms, serial_shops, nicolae_shop_trees, basic_altar
D:4:      layout_rooms, led_sif_pool, mainiacjoe_overflow_chevrons,
          old_standard_altar, gup_sewer_entry_glass,
          minmay_hollow_rounded_squares, uniq_pikel, uniq_edmund,
          uniq_crazy_yiuf_cottage

Skill      XL: |  1  2 |
---------------+-------+-----
Unarmed Combat | 1 2 |  2.0
Fighting       | 1 |  1.0
Short Blades   | |  0.8
Dodging        | |  1.7
Stealth        | |  3.2
Spellcasting   | |  1.7
Hexes          | |  2.4

Action                   || total
-------------------------++-------
Melee: Unarmed           ||    69
  Use: Scroll            ||     3
Armor: Robe              ||     9
       Leather armour    ||    20
Dodge: Dodged            ||    37

Table legend:
 A = Non-vault XP
 B = Vault XP
 C = Vault XP percentage of total XP
 D = Non-vault monster count
 E = Vault monster count
 F = Vault count percentage of total count
                 A         B        C        D         E       F
            +---------+---------+-------+---------+---------+-------
      Total |      23 |       2 |   8.0 |      16 |       1 |   5.9
            +---------+---------+-------+---------+---------+-------
        D:1 |      12 |       0 |   0.0 |      10 |       0 |   0.0
        D:2 |      11 |       0 |   0.0 |       6 |       0 |   0.0
        D:4 |       0 |       2 | 100.0 |       0 |       1 | 100.0
            +---------+---------+-------+---------+---------+-------
